 Dungeon Crawl Stone Soup version 0.30-a0-1163-gf69bf04e7a (webtiles) character file.

Game seed: 10486678502243214104

45623 Sobieck the Grappler (level 14, -5/149 HPs)
             Began as a Troll Cinder Acolyte on Apr 28, 2023.
             Was a Priest of Ignis.
             Slain by a black mamba (13 damage)
             ... on level 5 of the Lair of Beasts.
             The game lasted 00:34:58 (14852 turns).

Sobieck the Grappler (Troll Cinder Acolyte)        Turns: 14852, Time: 00:34:59

Health: -5/149     AC:  8    Str: 32    XL:     14   Next: 1%
Magic:  15/23      EV:  9    Int: 10    God:    Ignis [***...]
Gold:   1036       SH: 16    Dex: 10    Spells: 15/15 levels left

rFire   + . .        E - +8 morningstar "Lidghia" {flame, MP+9 Dex+5 SInv, mace}
rCold   . . .        h - +0 kite shield
rNeg    . . .        U - +0 troll leather armour
rPois   +            k - +1 hat
rElec   .            D - +0 cloak
rCorr   +            (gloves unavailable)
SInv    +            (boots unavailable)
Will    ++++.        H - amulet of Freedom {Reflect Fragile Will+++ Str+3 SH+5}
Stlth   +            F - ring of poison resistance
HPRegen 2.04/turn    y - ring of resist corrosion
MPRegen 0.18/turn

%: reflection
@: no status effects
A: large, unfitting armour, claws 3, regeneration 1, shaggy fur 1, tough skin 1
a: Renounce Religion, Fiery Armour, Foxfire Swarm


You were on level 5 of the Lair of Beasts.
You worshipped Ignis.
Ignis was most pleased with you.
You visited 3 branches of the dungeon, and saw 16 of its levels.
You also visited: Volcano.

You collected 1083 gold pieces.
You spent 47 gold pieces at shops.


Innate Abilities, Weirdness & Mutations

You are too large for most types of armour.
You have claws for hands.
Your natural rate of healing is unusually fast.
You are covered in fur. (AC +1)
You have tough skin. (AC +1)


   Skills:
 - Level 12.0 Fighting
 - Level 6.0 Throwing
 - Level 4.0 Dodging
 - Level 1.0 Stealth
 - Level 11.0 Shields
 + Level 14.8 Unarmed Combat
 - Level 1.0 Spellcasting
 - Level 2.1 Fire Magic


You had 15 spell levels left.
You didn't know any spells.
Your spell library contained the following spells:

 Spells                   Type           Power      Damage    Failure   Level
 Scorch                   Fire           8%         2d5       34%         2
 Foxfire                  Conj/Fire      8%         2x1d4     36%         1
 Blink                    Tloc           0%         N/A       65%         2
 Cigotuvi's Dreadful Rot  Necr/Pois/Air  0%         N/A       65%         2
 Ensorcelled Hibernation  Hex/Ice        0%         N/A       65%         2
 Passwall                 Tmut/Erth      0%         N/A       65%         2
 Poisonous Vapours        Pois/Air       0%         N/A       65%         2
 Static Discharge         Conj/Air       0%         2-2/arc   65%         2
 Sublimation of Blood     Necr           0%         N/A       65%         2
 Wereblood                Tmut           0%         N/A       65%         2
 Inner Flame              Hex/Fire       2%         N/A       73%         3
 Ignite Poison            Fire/Tmut/Pois 1%         N/A       78%         3
 Ozocubu's Armour         Ice            0%         N/A       86%         3
 Swiftness                Air            0%         N/A       86%         3
 Flame Wave               Conj/Fire      2%         2d4       98%         4
 Sticky Flame             Conj/Fire      2%         2d3       98%         4
 Airstrike                Air            0%         2d(0-16)  99%         4
 Animate Armour           Summ/Erth      0%         N/A       99%         4
 Animate Dead             Necr           0%         N/A       99%         4
 Manifold Assault         Tloc           0%         N/A       99%         4
 Summon Ice Beast         Ice/Summ       0%         N/A       99%         4
 Summon Lightning Spire   Summ/Air       0%         N/A       99%         4
 Alistair's Intoxication  Tmut/Pois      0%         N/A       100%        5
 Blade Hands              Tmut           0%         N/A       100%        5
 Fireball                 Conj/Fire      1%         3d3       100%        5
 Freezing Cloud           Conj/Ice/Air   0%         6-21      100%        5
 Iron Shot                Conj/Erth      0%         9d1       100%        6
 Plasma Beam              Fire/Air       1%         2x1d12    100%        6
 Starburst                Conj/Fire      1%         6d3       100%        6
 Ozocubu's Refrigeration  Ice            0%         4d7       100%        7
 Storm Form               Tmut/Air       0%         N/A       100%        7
 Summon Hydra             Summ           0%         N/A       100%        7

Inventory:

Hand Weapons
 E - the +8 morningstar "Lidghia" (weapon) {flame, MP+9 Dex+5 SInv, mace}
   (You found it on level 2 of the Lair of Beasts)

   Dex:       It affects your dexterity (+5).
   MP:        It affects your magic capacity (+9).
   SInv:      It lets you see invisible.
Missiles
 d - 145 stones {throwing}
 f - 11 boomerangs {throwing}
 g - 6 atropa-tipped darts {throwing}
 o - a curare-tipped dart {=fthrowing}
 r - a throwing net {=f!fthrowing}
 s - 30 poisoned darts (quivered) {throwing}
 G - a silver boomerang {throwing}
 V - 5 silver javelins {throwing}
Armour
 h - a +0 kite shield (worn)
   (You took it off a gnoll sergeant on level 9 of the Dungeon)
 k - a +1 hat (worn)
   (You found it on level 1 of the Dungeon)
 D - a +0 cloak (worn)
   (You found it on level 5 of the Dungeon)
 O - a +2 robe of fire resistance
   (You took it off a wight on level 6 of the Dungeon)
 S - a +0 robe
   (You took it off Dowan on level 6 of the Dungeon)
 U - a +0 troll leather armour (worn)
   (You found it on level 6 of the Dungeon)
 Z - a +0 robe
   (You took it off an orc wizard on level 8 of the Dungeon)
Jewellery
 y - a ring of resist corrosion (right claw)
   (You found it on level 4 of the Dungeon)
 C - the amulet "Jetsif" {RegenMP Drain rN+ Will+ Dex+3}
   (You found it on level 5 of the Dungeon)

   [amulet of magic regeneration]

   It increases your rate of magic regeneration.
   Dex:       It affects your dexterity (+3).
   rN:        It protects you from negative energy.
   Drain:     It drains your maximum health when unequipped.
   Will:      It increases your willpower.
 F - a ring of poison resistance (left claw)
   (You found it on level 10 of the Dungeon)
 H - the amulet of Freedom (around neck) {Reflect Fragile Will+++ Str+3 SH+5}
   (You took it off a deep elf pyromancer on level 9 of the Dungeon)

   [amulet of reflection]

   It reflects blocked missile attacks.
   Str:       It affects your strength (+3).
   Fragile:   It will be destroyed if unequipped.
   SH:        It affects your SH (+5).
   Will:      It greatly increases your willpower.
 T - an amulet of faith {!P}
   (You found it on level 6 of the Dungeon)
Wands
 a - a wand of charming (8)
   (You found it on level 9 of the Dungeon)
 I - a wand of acid (2)
   (You found it on level 4 of the Lair of Beasts)
 J - a wand of roots (8)
   (You found it on level 6 of the Dungeon)
 L - a wand of flame (8)
   (You found it on level 1 of the Lair of Beasts)
 P - a wand of polymorph (1)
   (You found it on level 2 of the Lair of Beasts)
 W - a wand of mindburst (17)
   (You found it on level 7 of the Dungeon)
Scrolls
 e - 8 scrolls of teleportation {@r4}
 i - 2 scrolls of noise {!r}
 l - 5 scrolls of blinking {!r}
 u - a scroll of immolation {!r!r}
 w - 3 scrolls of silence {!r}
 x - 2 scrolls of enchant weapon
 z - 6 scrolls of vulnerability {!r!r}
 A - 4 scrolls of magic mapping {!r}
 Q - a scroll of fear
 R - 11 scrolls of identify {@r1}
 X - a scroll of fog
 Y - 2 scrolls of enchant armour
Potions
 c - 2 potions of cancellation
 j - 2 potions of mutation {!q}
 m - 4 potions of haste {@q3}
 n - 2 potions of heal wounds {@q2}
 p - 2 potions of flight
 q - 2 potions of lignification {!q}
 t - 2 potions of berserk rage {!q}
 B - 10 potions of curing {@q1}
 K - 5 potions of resistance
 M - 3 potions of ambrosia
 N - 2 potions of might
Miscellaneous
 b - a box of beasts
   (You found it on level 9 of the Dungeon)
 v - a phantom mirror
   (You found it on level 1 of the Lair of Beasts)

Dungeon Overview and Level Annotations

Branches:
Dungeon (10/15) Zot: 26080  Temple (1/1) D:7 Zot: 5657    Lair (5/5) D:10 Zot: 25160
 Shoals (0/4) Lair:2       Spider (0/4) Lair:3          Orc (0/2) D:9
Volcano (visited)
  Slime: Lair:4-5

Altars:
Ashenzari
Cheibriados
Dithmenos
Elyvilon
Fedhas
Gozag
Hepliaklqana
Kikubaaqudgha
Makhleb
Nemelex Xobeh
Okawaru
Qazlal
Ru
Sif Muna
Trog
Uskayaw
Vehumet
Wu Jian
Xom
Yredelemnul
Zin
The Shining One

Shops:
D:3 *

Portals:
Abyss: D:10

Annotations:
D:6 2 runed translucent doors
D:10 2 transporters, ytrimaz's ghost, journeyman OpFi
Lair:2 exclusion: oklob plant

.................#
.....)............##
.$..............P...##..
P..................?....
#...l.#.................P
......#.................P
.....#..............#.!...
(..#.....F.S........#.PP..
#...((..D@.......P......
#..#......................
#..
###....................
#............#.......P
##P............#.##..#
....).......†## ##..#
#.....##.##....###...#
.......#####.......... ..
#..........


You could see a six-headed hydra, a komodo dragon, a black mamba and a cane
toad.


Message History

Roots grab the six-headed hydra.
The grasping roots constrict the six-headed hydra.
You hear an angry hiss.
You hear a loud, deep croak!
You hear a bellow!
You hear a trumpeting!
The six-headed hydra struggles to escape constriction.
The grasping roots constrict the six-headed hydra.
The roots release their grip on the six-headed hydra.
Aiming: Fastroot
Press: ? - help, Shift-Dir - straight line, f/p - six-headed hydra
Aim: a six-headed hydra (lightly wounded)
The roots erupt in riotous growth!
Roots grab the six-headed hydra.
The grasping roots constrict the six-headed hydra.
You hear a trumpeting! x3
The six-headed hydra struggles to escape constriction.
The grasping roots constrict the six-headed hydra.
The roots release their grip on the six-headed hydra.
A black mamba comes into view.
Okay, then.
You feel agile.
The +8 morningstar "Lidghia" {flame, MP+9 Dex+5 SInv, mace} bursts into flame!
E - the +8 morningstar "Lidghia" (weapon)
{flame, MP+9 Dex+5 SInv, mace} Unknown command.
You hit the six-headed hydra. You burn the six-headed hydra.
The six-headed hydra bites you but does no damage.
You block the six-headed hydra's attack.
The six-headed hydra bites you.
You block the six-headed hydra's attack.
The six-headed hydra barely misses you. The six-headed hydra bites you.
You barely miss the six-headed hydra. The six-headed hydra barely misses you.
The six-headed hydra bites you!
The six-headed hydra completely misses you.
The six-headed hydra bites you but does no damage.
The six-headed hydra barely misses you.
You block the six-headed hydra's attack.
The black mamba bites you! The six-headed hydra bites you! x2
You block the six-headed hydra's attack.
The six-headed hydra bites you but does no damage. x2
You block the six-headed hydra's attack.
The black mamba bites you but does no damage.
Unknown command.
You impale the six-headed hydra!! You burn the six-headed hydra!
You block the black mamba's attack. The black mamba closely misses you.
The six-headed hydra barely misses you. x2
The six-headed hydra bites you but does no damage.
The six-headed hydra closely misses you.
You block the six-headed hydra's attack. x2
A cane toad comes into view.
The black mamba bites you but does no damage.
The six-headed hydra bites you.
The six-headed hydra closely misses you.
You block the six-headed hydra's attack.
The six-headed hydra bites you but does no damage. x2
You block the six-headed hydra's attack.
Unknown command.
The cane toad gives a loud, deep croak!
You puncture the six-headed hydra! You burn the six-headed hydra.
You hear an angry hiss.
You hear a bellow!
The black mamba bites you but does no damage.
The black mamba bites you. The six-headed hydra bites you!
You block the six-headed hydra's attack.
The six-headed hydra bites you but does no damage. x2
The six-headed hydra barely misses you.
The six-headed hydra bites you but does no damage.
Unknown command.
You barely miss the six-headed hydra. The black mamba bites you!
You block the black mamba's attack.
The six-headed hydra bites you but does no damage.
The six-headed hydra bites you.
The six-headed hydra bites you but does no damage.
You block the six-headed hydra's attack.
The six-headed hydra bites you!
* * * LOW HITPOINT WARNING * * *
The six-headed hydra bites you.
* * * LOW HITPOINT WARNING * * *
The black mamba barely misses you. The six-headed hydra bites you!
* * * LOW HITPOINT WARNING * * *
The six-headed hydra bites you!
* * * LOW HITPOINT WARNING * * *
The six-headed hydra bites you!
* * * LOW HITPOINT WARNING * * *
You block the six-headed hydra's attack.
The six-headed hydra closely misses you.
The six-headed hydra barely misses you.
Unknown command.
You hit the six-headed hydra. You burn the six-headed hydra.
The black mamba bites you but does no damage.
The black mamba bites you!
* * * LOW HITPOINT WARNING * * *
A komodo dragon comes into view.
You block the six-headed hydra's attack.
The six-headed hydra bites you but does no damage.
You block the six-headed hydra's attack.
The six-headed hydra bites you.
* * * LOW HITPOINT WARNING * * *
The six-headed hydra bites you!
* * * LOW HITPOINT WARNING * * *
You block the six-headed hydra's attack.
The black mamba bites you!
You die...

Skill      XL: |  1  2  3  4  5  6  7  8  9 10 11 12 13 |
---------------+----------------------------------------+-----
Fighting       | 3 4 5 6 8 10 12 | 12.0
Stealth        | 1 |  1.0
Unarmed Combat | 4 5 6 8 10 11 14 | 14.8
Shields        | 3 8 11 | 11.0
Throwing       | 3 6 |  6.0
Dodging        | 3 4 |  4.0
Spellcasting   | |  1.0
Fire Magic     | |  2.1

Action                     |  1- 3 |  4- 6 |  7- 9 | 10-12 | 13-15 || total
---------------------------+-------+-------+-------+-------+-------++-------
  Melee: Unarmed           |    98 |   172 |   234 |   607 |   312 ||  1423
         Punch             |       |     5 |     5 |     7 |       ||    17
         Scimitar          |       |       |       |     6 |       ||     6
         Morningstar       |       |       |       |       |    10 ||    10
  Throw: Dart              |       |     3 |    19 |    57 |    79 ||   158
         Boomerang         |       |       |    13 |    13 |       ||    26
 Invoke: Fiery Armour      |       |     1 |     1 |     4 |       ||     6
         Rising Flame      |       |       |       |     1 |       ||     1
         Foxfire Swarm     |       |       |       |     1 |       ||     1
  Evoke: Wand              |       |       |       |     2 |    10 ||    12
    Use: Scroll            |       |    13 |     4 |     5 |     1 ||    23
 Armour: Robe              |    33 |    59 |    62 |       |       ||   154
         Troll leather arm |       |       |    37 |   134 |    79 ||   250
  Dodge: Dodged            |    35 |    69 |    93 |   141 |   105 ||   443
  Block: Kite shield       |       |       |       |   228 |   214 ||   442
         Reflection        |       |       |       |     5 |     3 ||     8

Levels and vault maps discovered:
D:1:      scummos_arrival_gate, layout_basic
D:2:      layout_basic, ebering_ecumenical_altar_box, basic_altar
D:3:      layout_loops_corners, serial_shops, nicolae_shop_tiny_statue_garden
D:4:      layout_basic
D:5:      layout_rooms, hangedman_abyss_or_decor_slice
D:6:      layout_basic, general_overflow_altar, minmay_hollow_rounded_squares,
          uniq_pikel, uniq_duvessa
D:7:      layout_gridville, minmay_temple_entry_arrows
D:8:      layout_basic, kennysheep_generic_room_12
D:9:      minmay_the_grid_triangle_9x9_rhombus_thin
          [minmay_the_grid_triangle_9x9_zippers_horizontal,
          minmay_the_grid_triangle_9x9_prize_special,
          minmay_the_grid_triangle_9x9_sprig,
          minmay_the_grid_triangle_9x9_semitri], layout_loops_ring,
          mainiacjoe_overflow_catwalk, david_orc_4,
          hangedman_abyss_or_decor_clamps, serial_park_tiny_1
D:10:     layout_loops_corners, david_lair_generic,
          gammafunk_ghost_abyssal_escape
Temple:   mainiacjoe_temple_cubbyholes
Lair:1:   layout_misc_corridors, pdpol_lair_neglected_garden, uniq_erica
Lair:2:   layout_hall_layers, shoals_dummy_entry, tgw_fedhas,
          grunt_megastairs_4, infiniplex_staircase_pool
Lair:3:   layout_regular_city, spider_nest_entry_webs,
          nicolae_volcano_entry_two_sided, chequers_serial_rivers_micro_c,
          grunt_megastairs_3, lemuel_fruit_tree
Lair:4:   layout_cave_pods, basic_altar, uniq_urug, uniq_nessos
Lair:5:   evilmike_catoblepas_cave, layout_layer_cave, slime_entry_1, pond

Notes
Turn   | Place    | Note
-------+----------+-------------------------------------------
     0 | D:1      | Sobieck the Troll Cinder Acolyte began the quest for the
                  | Orb.
     0 | D:1      | Reached XP level 1. HP: 22/22 MP: 1/1
    91 | D:1      | You add the spells Cigotuvi's Dreadful Rot, Ignite Poison
                  | and Freezing Cloud to your library.
   113 | D:1      | Reached XP level 2. HP: 28/29 MP: 2/2
   752 | D:2      | Reached XP level 3. HP: 36/36 MP: 3/3
   764 | D:2      | Found a faded altar of an unknown god.
   781 | D:2      | You add the spells Blink, Manifold Assault and Storm Form
                  | to your library.
  1103 | D:2      | Found a glowing silver altar of Zin.
  1512 | D:3      | Noticed a scorpion
  1524 | D:3      | Killed a scorpion
  1525 | D:3      | Reached skill level 3 in Fighting
  1525 | D:3      | Reached skill level 1 in Stealth
  1525 | D:3      | Reached skill level 4 in Unarmed Combat
  1525 | D:3      | Reached XP level 4. HP: 42/45 MP: 4/4
  1857 | D:3      | Found Fuphuwomept's Assorted Antiques.
  1877 | D:3      | Bought a scroll labelled ELIEJA BAN GOCW for 25 gold pieces
  1877 | D:3      | Bought a brown potion for 22 gold pieces
  2256 | D:4      | Reached XP level 5. HP: 42/53 MP: 5/5
  2266 | D:4      | You pick up a book of Fire and begin reading...
  2266 | D:4      | You add the spells Foxfire, Fireball, Plasma Beam and
                  | Starburst to your library.
  2341 | D:4      | Reached skill level 5 in Unarmed Combat
  2458 | D:4      | Reached XP level 6. HP: 61/61 MP: 6/6
  3075 | D:5      | Entered Level 5 of the Dungeon
  3083 | D:4      | Reached skill level 6 in Unarmed Combat
  3229 | D:5      | Reached skill level 4 in Fighting
  3260 | D:5      | Identified the amulet "Jetsif" {RegenMP Drain rN+ Will+
                  | Dex+3}
  3268 | D:5      | You pick up a book of Burglary and begin reading...
  3268 | D:5      | You add the spells Passwall, Ensorcelled Hibernation and
                  | Swiftness to your library.
  3329 | D:5      | Noticed a water moccasin
  3340 | D:5      | Killed a water moccasin
  3341 | D:5      | Reached XP level 7. HP: 43/70 MP: 7/7
  3522 | D:5      | Reached skill level 7 in Unarmed Combat
  3872 | D:6      | Found a burning altar of Makhleb.
  3930 | D:6      | Noticed Pikel
  4236 | D:5      | Killed Pikel
  4237 | D:5      | Reached skill level 5 in Fighting
  4237 | D:5      | Reached skill level 8 in Unarmed Combat
  4237 | D:5      | Reached XP level 8. HP: 53/80 MP: 8/8
  4292 | D:6      | Found a large runed translucent door.
  4292 | D:6      | Found a large runed translucent door.
  4295 | D:6      | You pick up a book of Burglary and begin reading...
  4427 | D:6      | Reached skill level 9 in Unarmed Combat
  4489 | D:6      | You pick up a book of Blood and begin reading...
  4489 | D:6      | You add the spells Sublimation of Blood, Wereblood and
                  | Summon Hydra to your library.
  4816 | D:6      | Noticed a troll
  4820 | D:6      | Found a large runed translucent door.
  4820 | D:6      | Found a large runed translucent door.
  4910 | D:6      | Killed an unseen horror
  4911 | D:6      | Reached skill level 6 in Fighting
  4911 | D:6      | Reached skill level 10 in Unarmed Combat
  4911 | D:6      | Reached XP level 9. HP: 31/89 MP: 9/9
  4997 | D:6      | Noticed Duvessa
  4997 | D:6      | Noticed Dowan
  5005 | D:6      | Killed Duvessa
  5010 | D:6      | Killed Dowan
  5138 | D:6      | You add the spells Poisonous Vapours, Summon Ice Beast and
                  | Alistair's Intoxication to your library.
  5138 | D:6      | Got the Compilation of the Poisonous Iceberg
  5384 | D:6      | Killed a troll
  5405 | D:6      | Killed an unseen horror
  5406 | D:6      | Reached skill level 7 in Fighting
  5406 | D:6      | Reached skill level 11 in Unarmed Combat
  5431 | D:6      | Identified the +5 broad axe of Uskayaw, Changing {elec,
                  | +Blink Str+2 Stlth+}
  5441 | D:6      | Got the Compilation of Wyrd
  5740 | D:7      | Found a staircase to the Ecumenical Temple.
  5756 | Temple   | Entered the Ecumenical Temple
  6483 | D:7      | Reached skill level 8 in Fighting
  6753 | D:8      | Reached XP level 10. HP: 106/106 MP: 10/10
  6768 | D:8      | You pick up a book of Storms and begin reading...
  6768 | D:8      | You add the spells Static Discharge, Airstrike and Summon
                  | Lightning Spire to your library.
  7027 | D:8      | Paralysed by a hornet for 3 turns
  7034 | D:8      | Paralysed by a hornet for 2 turns
  7036 | D:8      | HP: 19/106 [orc priest/divine providence (12)]
  7038 | D:8      | Reached skill level 9 in Fighting
  7041 | D:8      | HP: 21/107 [poisoned by a hornet]
  7630 | D:9      | Reached skill level 10 in Fighting
  7769 | D:9      | Noticed a two-headed ogre
  7778 | D:9      | Killed a two-headed ogre
  7779 | D:9      | Reached skill level 2 in Shields
  7927 | D:9      | Reached skill level 3 in Shields
  7972 | D:9      | Reached XP level 11. HP: 100/119 MP: 11/11
  8056 | D:9      | Found a radiant altar of Vehumet.
  8144 | D:9      | Reached skill level 4 in Shields
  8177 | D:9      | Reached skill level 11 in Fighting
  8395 | D:9      | Noticed a two-headed ogre
  8409 | D:9      | Killed a two-headed ogre
  8435 | D:9      | Noticed a tengu warrior
  8452 | D:9      | HP: 28/120 [tengu warrior/+0 war axe (17)]
  8455 | D:9      | Killed a tengu warrior
  8455 | D:9      | Noticed a white ugly thing
  8456 | D:9      | Reached skill level 5 in Shields
  8563 | D:9      | Identified the amulet of Freedom {Reflect Fragile Will+++
                  | Str+3 SH+5}
  8563 | D:9      | Noticed a deep elf pyromancer
  8566 | D:9      | Noticed a boulder beetle
  8567 | D:9      | Noticed a boulder beetle
  8584 | D:9      | Identified the amulet "Urink" {Spirit rPois rF+ Dex+3
                  | Stlth-}
  8584 | D:9      | Noticed a centaur warrior
  8603 | D:9      | Killed a deep elf pyromancer
  8606 | D:9      | Killed a centaur warrior
  8615 | D:9      | Killed a boulder beetle
  8616 | D:9      | Reached skill level 6 in Shields
  8628 | D:9      | Killed a boulder beetle
  8650 | D:9      | Noticed a green ugly thing
  8659 | D:9      | Killed a green ugly thing
  8664 | D:9      | Killed a white ugly thing
  8665 | D:9      | Reached skill level 12 in Fighting
  8694 | D:9      | Identified the amulet "Diryre" {Spirit Dex+3 Stlth+}
  8696 | D:9      | Identified the amulet of Beucyaxi {Acrobat Harm +Inv rPois}
  8839 | D:9      | Found a staircase to the Orcish Mines.
  8979 | D:10     | Entered Level 10 of the Dungeon
  8990 | D:10     | Reached skill level 7 in Shields
  9069 | D:10     | Found a staircase to the Lair.
  9122 | D:10     | You add the spells Ozocubu's Armour and Ozocubu's
                  | Refrigeration to your library.
  9453 | D:10     | Found a transporter.
  9453 | D:10     | Noticed a tentacled starspawn
  9456 | D:10     | Noticed ytrimaz's ghost (journeyman OpFi)
  9642 | D:10     | Reached skill level 8 in Shields
  9675 | D:10     | You pick up a book of Flames and begin reading...
  9675 | D:10     | You add the spells Inner Flame, Sticky Flame and Flame Wave
                  | to your library.
  9743 | D:10     | Found a transporter.
  9752 | D:10     | Found a one-way gate to the infinite horrors of the Abyss.
  9906 | Lair:1   | Entered Level 1 of the Lair of Beasts
  9929 | Lair:1   | Reached XP level 12. HP: 88/132 MP: 12/12
 10122 | Lair:1   | Reached skill level 9 in Shields
 10277 | Lair:1   | Noticed a death yak
 10277 | Lair:1   | Noticed a death yak
 10295 | Lair:1   | Killed a death yak
 10299 | Lair:1   | Killed a death yak
 10300 | Lair:1   | Reached skill level 10 in Shields
 10328 | Lair:1   | Noticed a death yak
 10328 | Lair:1   | Noticed a death yak
 10332 | Lair:1   | Noticed a death yak
 10349 | Lair:1   | Noticed a death yak
 10357 | Lair:1   | Killed a death yak
 10363 | Lair:1   | Killed a death yak
 10367 | Lair:1   | HP: 30/132 [death yak (12)]
 10369 | Lair:1   | Killed a death yak
 10372 | Lair:1   | HP: 20/132 [death yak (18)]
 10375 | Lair:1   | Killed a death yak
 10376 | Lair:1   | Reached skill level 11 in Shields
 10456 | Lair:1   | Noticed Erica
 10490 | Lair:1   | Killed Erica
 10491 | Lair:1   | Reached skill level 1 in Throwing
 10491 | Lair:1   | Reached skill level 1 in Dodging
 10981 | Lair:2   | Noticed a six-headed hydra
 10992 | Lair:2   | HP: 32/132 [five-headed hydra (3)]
 10994 | Lair:2   | HP: 15/132 [five-headed hydra (3)]
 10997 | Lair:1   | Killed a five-headed hydra
 10998 | Lair:1   | Reached skill level 2 in Throwing
 10998 | Lair:1   | Reached skill level 2 in Dodging
 11186 | Lair:2   | Found a staircase to the Shoals.
 11255 | Lair:2   | Reached skill level 3 in Throwing
 11507 | Lair:2   | Found a blossoming altar of Fedhas.
 11616 | Lair:2   | Reached skill level 3 in Dodging
 11645 | Lair:2   | Identified the +8 morningstar "Lidghia" {flame, MP+9 Dex+5
                  | SInv}
 11959 | Lair:2   | Reached XP level 13. HP: 99/140 MP: 13/13
 12091 | Lair:3   | Found a dark tunnel.
 12098 | Volcano  | Entered a volcano
 12238 | Lair:3   | Reached skill level 4 in Throwing
 12483 | Lair:3   | Reached skill level 12 in Unarmed Combat
 12491 | Lair:3   | Reached skill level 4 in Dodging
 12508 | Lair:3   | Reached skill level 5 in Throwing
 12625 | Lair:3   | Found a hole to the Spider Nest.
 13143 | Lair:4   | Noticed Nessos
 13145 | Lair:4   | Nessos changed into Nessos the merfolk
 13145 | Lair:4   | Noticed Nessos
 13172 | Lair:4   | Killed Nessos the merfolk
 13230 | Lair:4   | Noticed Urug
 13252 | Lair:4   | Killed Urug
 13314 | Lair:4   | Reached skill level 6 in Throwing
 13605 | Lair:4   | Found a stormy altar of Qazlal.
 13886 | Lair:4   | Reached skill level 13 in Unarmed Combat
 14075 | Lair:5   | Entered Level 5 of the Lair of Beasts
 14094 | Lair:4   | HP: 35/140 [cane toad (1)]
 14099 | Lair:4   | HP: 26/140 [poisoned by a black mamba]
 14104 | Lair:4   | HP: 21/140 [poisoned by a black mamba]
 14109 | Lair:4   | HP: 25/140 [poisoned by a black mamba]
 14533 | Lair:5   | Reached skill level 14 in Unarmed Combat
 14596 | Lair:5   | You pick up a book of Iron and begin reading...
 14596 | Lair:5   | You add the spells Animate Armour, Blade Hands and Iron
                  | Shot to your library.
 14818 | Lair:5   | Reached XP level 14. HP: 141/149 MP: 14/14
 14851 | Lair:5   | HP: 32/149 [six-headed hydra (13)]
 14852 | Lair:5   | HP: 8/149 [six-headed hydra (8)]
 14852 | Lair:5   | Slain by a black mamba

Vanquished Creatures
  2 hydras
  A centaur warrior (D:9)
  Erica (Lair:1)
  4 boulder beetles
  2 two-headed ogres (D:9)
  17 death yaks
  Urug (Lair:4)
  A tengu warrior (D:9)
  A lindwurm (Lair:5)
  Pikel (D:5)
  A deep elf pyromancer (D:9)
  2 ugly things (D:9)
  An elephant (D:10)
  3 black mambas
  A kobold demonologist (D:10)
  9 cane toads
  2 unseen horrors (D:6)
  9 komodo dragons
  5 rime drakes
  2 trolls
  3 hornets
  3 polar bears
  21 blink frogs
  A merfolk (Lair:4)
  25 yaks
  8 wyverns
  2 wraiths (D:9)
  3 basilisks
  A steam dragon (D:9)
  2 redbacks (Lair:3)
  2 acid dragons
  9 water moccasins
  Duvessa (D:6)
  7 orc warriors
  2 black bears
  17 wolves
  4 centaurs
  2 lemures
  4 kobold brigands
  9 bullfrogs
  A gnoll sergeant (D:9)
  A scorpion (D:3)
  10 wights
  Dowan (D:6)
  An electric eel (Lair:2)
  6 howler monkeys
  7 hounds
  4 jellies
  A gnoll bouda (D:6)
  7 orc priests
  5 iguanas
  11 orc wizards
  5 adders
  22 gnolls
  A shadow imp (D:6)
  A white imp (D:7)
  3 ufetubi
  3 worms
  4 dart slugs
  44 orcs
  5 bats
  3 endoplasms (D:1)
  3 giant cockroaches
  4 goblins
  14 hobgoblins
  A quokka (D:1)
  3 ball pythons
  3 frilled lizards
  20 kobolds
  4 rats
390 creatures vanquished.

Vanquished Creatures (others)
  2 bushes (Lair:5)
  15 foxfires (Lair:2)
  20 fungi
  31 plants
  22 withered plants (Lair:1)
90 creatures vanquished.

Grand Total: 480 creatures vanquished

Table legend:
 A = Non-vault XP
 B = Vault XP
 C = Vault XP percentage of total XP
 D = Non-vault monster count
 E = Vault monster count
 F = Vault count percentage of total count
                 A         B        C        D         E       F
            +---------+---------+-------+---------+---------+-------
      Total |   49706 |   15470 |  23.7 |     324 |      64 |  16.5
            +---------+---------+-------+---------+---------+-------
        D:1 |      35 |       0 |   0.0 |      17 |       0 |   0.0
        D:2 |      25 |       0 |   0.0 |      12 |       0 |   0.0
        D:3 |     120 |       0 |   0.0 |      15 |       0 |   0.0
        D:4 |     418 |       0 |   0.0 |      38 |       0 |   0.0
        D:5 |     457 |     617 |  57.4 |      15 |       1 |   6.2
        D:6 |     857 |    1813 |  67.9 |      22 |      14 |  38.9
        D:7 |    1170 |       0 |   0.0 |      18 |       0 |   0.0
        D:8 |     465 |     500 |  51.8 |      20 |       2 |   9.1
        D:9 |    4703 |    7803 |  62.4 |      35 |      32 |  47.8
       D:10 |    1340 |     821 |  38.0 |      17 |       3 |  15.0
     Lair:1 |   11145 |    1679 |  13.1 |      29 |       2 |   6.5
     Lair:2 |    4544 |       0 |   0.0 |      23 |       0 |   0.0
     Lair:3 |    8471 |     915 |   9.7 |      21 |       7 |  25.0
     Lair:4 |   11296 |    1068 |   8.6 |      29 |       2 |   6.5
     Lair:5 |    4660 |     254 |   5.2 |      13 |       1 |   7.1
            +---------+---------+-------+---------+---------+-------

Skill      XL: |  1  2  3  4  5  6  7  8  9 10 11 12 13 |
---------------+----------------------------------------+-----
Fighting       | 3 4 5 6 8 10 12 | 12.0
Stealth        | 1 |  1.0
Unarmed Combat | 4 5 6 8 10 11 14 | 14.8
Shields        | 3 8 11 | 11.0
Throwing       | 3 6 |  6.0
Dodging        | 3 4 |  4.0
Spellcasting   | |  1.0
Fire Magic     | |  2.1

Action                     |  1- 3 |  4- 6 |  7- 9 | 10-12 | 13-15 || total
---------------------------+-------+-------+-------+-------+-------++-------
  Melee: Unarmed           |    98 |   172 |   234 |   607 |   312 ||  1423
         Punch             |       |     5 |     5 |     7 |       ||    17
         Scimitar          |       |       |       |     6 |       ||     6
         Morningstar       |       |       |       |       |    10 ||    10
  Throw: Dart              |       |     3 |    19 |    57 |    79 ||   158
         Boomerang         |       |       |    13 |    13 |       ||    26
 Invoke: Fiery Armour      |       |     1 |     1 |     4 |       ||     6
         Rising Flame      |       |       |       |     1 |       ||     1
         Foxfire Swarm     |       |       |       |     1 |       ||     1
  Evoke: Wand              |       |       |       |     2 |    10 ||    12
    Use: Scroll            |       |    13 |     4 |     5 |     1 ||    23
 Armour: Robe              |    33 |    59 |    62 |       |       ||   154
         Troll leather arm |       |       |    37 |   134 |    79 ||   250
  Dodge: Dodged            |    35 |    69 |    93 |   141 |   105 ||   443
  Block: Kite shield       |       |       |       |   228 |   214 ||   442
         Reflection        |       |       |       |     5 |     3 ||     8

Illustrated notes

Table legend:
 A = Kills in this place as a percentage of kills in the entire game.
 B = Kills by you in this place as a percentage of kills by you in the entire game.
 C = Kills by friends in this place as a percentage of kills by friends in the entire game.
 D = Other kills in this place as a percentage of other kills in the entire game.
 E = Experience gained in this place as a percentage of experience gained in the entire game.
 F = Experience gained in this place divided by the number of levels of this place that you have seen.
                   A       B       C       D       E      F
               +-------+-------+-------+-------+-------+----------------------
         Total | 100.0 | 100.0 |   N/A |   N/A | 100.0 | 3833.9
       Dungeon |  67.3 |  67.3 |   N/A |   N/A |  32.4 | 2114.4
          Lair |  32.7 |  32.7 |   N/A |   N/A |  67.6 | 8806.4
               +-------+-------+-------+-------+-------+----------------------

Table legend: (Time is in decaauts)
 A = Elapsed time spent in this place.
 B = Non-inter-level travel time spent in this place.
 C = Inter-level travel time spent in this place.
 D = Time resting spent in this place.
 E = Time spent auto-exploring this place.
 F = Levels seen in this place.
 G = Mean time per level.
                   A        B        C        D        E       F      G
               +--------+--------+--------+--------+--------+-----+--------+
         Total |  14678 |  14180 |    498 |   1126 |   9853 |  17 |  863.4 |
       Dungeon |   9479 |   9165 |    314 |    669 |   6489 |  10 |  947.9 |
        Temple |    342 |    289 |     53 |      0 |    289 |   1 |  342.0 |
          Lair |   4838 |   4707 |    131 |    456 |   3075 |   5 |  967.6 |
       Volcano |     18 |     18 |      0 |      0 |      0 |   1 |   18.0 |
               +--------+--------+--------+--------+--------+-----+--------+

Top non-repeatable levels by time:
     D:9: 1547 daAuts
     D:6: 1398 daAuts
  Lair:4: 1252 daAuts
  Lair:1: 1218 daAuts
     D:4: 1070 daAuts
  Lair:3: 1065 daAuts
     D:3: 928 daAuts
    D:10: 873 daAuts
  Lair:2: 846 daAuts
     D:7: 816 daAuts
     D:5: 807 daAuts
     D:8: 759 daAuts
     D:1: 677 daAuts
     D:2: 598 daAuts
  Lair:5: 455 daAuts
